 Dungeon Crawl Stone Soup version 0.28-a0-980-g3664467d6e (webtiles) character file.

Game seed: 15730017434360192577

465 BinkBink the Vandal (level 6, -4/55 HPs)
             Began as a Minotaur Monk on Dec 2, 2021.
             Was an Elder of Cheibriados.
             Slain by a mummy (18 damage)
             ... in an ossuary.
             The game lasted 00:06:15 (3755 turns).

BinkBink the Vandal (Minotaur Monk)                 Turns: 3755, Time: 00:06:15

Health: -4/55      AC:  2    Str: 25    XL:     6   Next: 80%
Magic:  5/5        EV: 15    Int: 17    God:    Cheibriados [****..]
Gold:   47         SH:  0    Dex: 25    Spells: 5/5 levels left

rFire   . . .      SeeInvis .   a - +0 hand axe
rCold   . . .      Faith    .   (no shield)
rNeg    . . .      Spirit   .   b - +0 robe
rPois   .          Reflect  .   (helmet restricted)
rElec   .          Harm     .   (no cloak)
rCorr   .          Rampage  .   (no gloves)
Will    .....                   (no boots)
Stlth   ++........              (no amulet)
HPRegen 0.18/turn               (no ring)
MPRegen 0.09/turn               (no ring)

@: very slow
A: horns 2, retaliatory headbutt
a: Renounce Religion, Bend Time, Temporal Distortion, Slouch


You were in an ossuary.
You worshipped Cheibriados.
Cheibriados was greatly pleased with you.
You visited 1 branch of the dungeon, and saw 4 of its levels.
You also visited: Ossuary.

You collected 149 gold pieces.
You spent 102 gold pieces at shops.

Inventory:

Hand Weapons
 a - a +0 hand axe (weapon)
 d - a +0 hunting sling
Missiles
 f - 7 stones (quivered)
 k - 44 sling bullets
Armour
 b - a +0 robe (worn)
Scrolls
 c - 2 scrolls of identify {unknown}
 e - a scroll of vulnerability {unknown}
 g - 2 scrolls of enchant armour {unknown}
 h - 4 scrolls of teleportation {unknown}
 n - a scroll of summoning {unknown}
 p - a scroll of amnesia {unknown}
 q - a scroll of noise {unknown}
 s - a scroll of magic mapping {unknown}
Potions
 i - a potion of berserk rage {unknown}
 j - 3 potions of brilliance {unknown}
 l - a potion of haste {unknown}
 m - 2 potions of lignification {unknown}
 o - 2 potions of degeneration {unknown}
 r - 3 potions of curing {unknown}


   Skills:
 + Level 4.8 Fighting
 + Level 4.7 Axes
 * Level 6.0 Slings
 + Level 0.1(3.3) Throwing
 + Level 4.1 Dodging
 - Level 1.5 Stealth


You had 5 spell levels left.
You didn't know any spells.
Your spell library contained the following spells:

 Spells                   Type           Power      Damage    Failure   Level
 Summon Small Mammal      Summ           0%         N/A       24%         1
 Call Canine Familiar     Summ           0%         N/A       56%         3
 Gell's Gravitas          Tloc           0%         N/A       56%         3
 Lesser Beckoning         Tloc           0%         N/A       56%         3
 Summon Guardian Golem    Hex/Summ       0%         N/A       56%         3
 Teleport Other           Tloc           0%         N/A       56%         3


Dungeon Overview and Level Annotations

Branches:
Dungeon (4/15)            Ossuary (1/1)
 Temple: D:4-7

Altars:
Cheibriados

Shops:
D:3 *(


Innate Abilities, Weirdness & Mutations

You have a pair of horns on your head.
You reflexively headbutt those who attack you in melee.


Message History

You throw a stone. The stone hits the mummy.
The mummy is lightly damaged.
You throw a stone.
The stone hits the mummy but does no damage.
The mummy is lightly damaged.
You throw a stone.
The stone hits the mummy but does no damage.
The mummy is lightly damaged.
You throw a stone. The stone barely misses the mummy.
You slash the mummy! You headbutt the mummy!
You destroy the mummy!
Cheibriados appreciates the change of pace.
Your Slings skill increases to level 6!
There is an open door here.
f - 4 stones (gained 1)
f - 6 stones (gained 2)
f - 7 stones (gained 1);
r - 3 bubbling inky potions (gained 1)
f - 8 stones (gained 1)
You open the door.
A mummy comes into view.
Found a scroll labelled BIFUMU CYKANATI.
You throw a stone. The stone hits the mummy.
The mummy is lightly damaged.
You barely miss the mummy.
The mummy is lightly damaged.
The mummy hits you!
You hit the mummy.
The mummy is moderately damaged.
The mummy hits you.
You hit the mummy. Your headbutt misses the mummy.
The mummy is moderately damaged.
You hit the mummy. Your headbutt misses the mummy.
The mummy is heavily damaged.
The mummy hits you! The mummy hits you!
* * * LOW HITPOINT WARNING * * *
There is an open door here.
Okay, then.
The mummy hits you!!
You die...

#+# ##.##
###...#
#?(...+
###...#
##.## #'##
#.M## ##+##
##.@###...#
##...'...+
#####...#
##.## #'#
##.## #∩.∩#
#####


You could see a mummy.

Vanquished Creatures
  An ogre (D:4)
  A phantom (D:4)
  2 scorpions (D:4)
  A hound (D:4)
  A mummy (Ossuary)
  6 adders
  7 worms
  A dart slug (D:1)
  2 orcs
  3 ball pythons
  6 bats
  6 endoplasms
  5 giant cockroaches
  12 goblins
  5 hobgoblins
  4 jackals (D:2)
  3 kobolds
  A quokka (D:1)
  2 kobold skeletons (Ossuary)
  8 rats
77 creatures vanquished.

Notes
Turn   | Place    | Note
-------+----------+-------------------------------------------
     0 | D:1      | BinkBink the Minotaur Monk began the quest for the Orb.
     0 | D:1      | Reached XP level 1. HP: 19/19 MP: 0/0
   380 | D:1      | Reached XP level 2. HP: 25/27 MP: 1/1
  1011 | D:1      | Found a faded altar of an unknown god.
  1030 | D:1      | Prayed at the altar of an unknown god.
  1030 | D:1      | Became a worshipper of Cheibriados the Contemplative
  1030 | D:1      | Reached * piety under Cheibriados
  1030 | D:1      | Reached ** piety under Cheibriados
  1333 | D:1      | Reached *** piety under Cheibriados
  1458 | D:1      | Reached XP level 3. HP: 33/33 MP: 2/2
  1914 | D:2      | Reached skill level 1 in Slings
  2391 | D:2      | Reached XP level 4. HP: 40/40 MP: 3/3
  2595 | D:3      | Reached skill level 2 in Slings
  2801 | D:3      | Found Xagup's Weapon Emporium.
  2821 | D:3      | Reached **** piety under Cheibriados
  3069 | D:3      | Reached skill level 3 in Slings
  3203 | D:3      | Found Akum Qeo's Assorted Antiques.
  3208 | D:3      | Bought a scroll labelled IRESCH TIMPA for 18 gold pieces
  3208 | D:3      | Bought a scroll labelled ZYTTAK AKHLEQ for 18 gold pieces
  3208 | D:3      | Bought a scroll labelled QEATTE KOELUA for 18 gold pieces
  3208 | D:3      | Bought a metallic amethyst potion for 16 gold pieces
  3208 | D:3      | Bought a bubbling inky potion for 16 gold pieces
  3208 | D:3      | Bought a bubbling white potion for 16 gold pieces
  3400 | D:4      | Noticed a phantom
  3401 | D:4      | Reached XP level 5. HP: 46/47 MP: 4/4
  3414 | D:4      | Killed a phantom
  3415 | D:4      | Reached skill level 4 in Slings
  3568 | D:4      | Noticed an ogre
  3575 | D:4      | Killed an ogre
  3576 | D:4      | Reached skill level 5 in Slings
  3576 | D:4      | Reached XP level 6. HP: 39/53 MP: 5/5
  3695 | D:4      | Found a sand-covered staircase.
  3701 | Ossuary  | Entered an ossuary
  3734 | Ossuary  | Reached skill level 6 in Slings
  3755 | Ossuary  | Slain by a mummy

Illustrated notes

Levels and vault maps discovered:
D:1:      lemuel_arrival_lava_pool, layout_basic,
          shapermc_ecumenical_altar_notcrosses,
          amcnicky_mini_rare_corridor_liquid, kennysheep_small_spiral
D:2:      layout_loops_ring
D:3:      layout_loops_ring, serial_shops, nicolae_shop_bloodbath_and_beyond,
          shop, nicolae_wormholes
D:4:      layout_cave_pools, lightli_ossuary_entry_decrepit_ruins,
          minmay_crossroads
Ossuary:  ossuary_due_small_catacomb

Skill      XL: |  1  2  3  4  5  6 |
---------------+-------------------+-----
Fighting       | 4 |  4.8
Axes           | 4 |  4.7
Slings         | 1 3 5 6 |  6.0
Dodging        | 4 |  4.1
Throwing       | |  0.1
Stealth        | |  1.5

Action                   |  1- 3 |  4- 6 || total
-------------------------+-------+-------++-------
Melee: Hand axe          |    43 |    28 ||    71
       Headbutt          |     5 |     9 ||    14
 Fire: Hunting sling     |    28 |    83 ||   111
Throw: Stone             |       |    31 ||    31
 Stab: Sleeping          |     4 |       ||     4
Armor: Robe              |     6 |     1 ||     7
Dodge: Dodged            |    32 |    18 ||    50

Table legend: (Time is in decaauts)
 A = Elapsed time spent in this place.
 B = Non-inter-level travel time spent in this place.
 C = Inter-level travel time spent in this place.
 D = Time resting spent in this place.
 E = Time spent auto-exploring this place.
 F = Levels seen in this place.
 G = Mean time per level.
                   A        B        C        D        E       F      G
               +--------+--------+--------+--------+--------+-----+--------+
         Total |   5079 |   4895 |    184 |      0 |   4232 |   5 | 1015.8 |
       Dungeon |   5007 |   4823 |    184 |      0 |   4201 |   4 | 1251.8 |
       Ossuary |     71 |     71 |      0 |      0 |     31 |   1 |   71.0 |
               +--------+--------+--------+--------+--------+-----+--------+

Top non-repeatable levels by time:
     D:1: 2348 daAuts
     D:3: 1230 daAuts
     D:2: 1006 daAuts
     D:4: 422 daAuts
 Ossuary: 71 daAuts
